 Dungeon Crawl Stone Soup version 0.28.0-47-ge53b351184 (webtiles) character file.

Game seed: 914174658470705522

69401 enile the Gelid (level 15, -12/250 HPs)
             Began as an Ogre Ice Elementalist on May 10, 2022.
             Was a High Priest of Vehumet.
             Mangled by a frost giant
             ... wielding a +0 battleaxe of freezing
              (21 damage)
             ... in an ice cave.
             The game lasted 01:17:19 (23804 turns).

enile the Gelid (Ogre Ice Elementalist)            Turns: 23804, Time: 01:17:20

Health: -12/250    AC:  3    Str: 16    XL:     15   Next: 29%
Magic:  30/30      EV: 11    Int: 42    God:    Vehumet [*****.]
Gold:   385        SH:  0    Dex:  9    Spells: 10/36 levels left

rFire   + . .      SeeInvis .   V - +0 quarterstaff (vamp)
rCold   + . .      Faith    .   (shield currently unavailable)
rNeg    . . .      Spirit   .   o - +0 robe of the Sun {Int+8 Slay+3 Stlth+}
rPois   +          Reflect  .   (helmet restricted)
rElec   +          Harm     .   (no cloak)
rCorr   +          Rampage  .   (gloves unavailable)
Will    .....                   (boots unavailable)
Stlth   ..........              b - amulet of magic regeneration
HPRegen 0.51/turn               x - +6 ring of intelligence
MPRegen 0.62/turn               l - +6 ring of intelligence

@: berserking, resistant, weak-willed, studying Ice Magic, invisible, very quick
A: large, unfitting armour, tough skin 1
a: Renounce Religion


You were in an ice cave.
You worshipped Vehumet.
Vehumet was extremely pleased with you.
You visited 4 branches of the dungeon, and saw 20 of its levels.
You also visited: Sewer, Bailey and Ice Cave.

You collected 2275 gold pieces.
You spent 1890 gold pieces at shops.

Inventory:

Hand Weapons
 V - a +0 vampiric quarterstaff (weapon)
Missiles
 G - 2 throwing nets (quivered)
 J - 4 curare-tipped darts
Armour
 m - +2 storm dragon scales
 o - the +0 robe of the Sun (worn) {Int+8 Slay+3 Stlth+}
   (You bought it in a shop on level 2 of the Orcish Mines)

   Int:       It affects your intelligence (+8).
   Slay:      It affects your accuracy & damage with ranged weapons and melee
   (+3).
   Stlth:     It makes you more stealthy.
 q - quicksilver dragon scales
 y - a +2 troll leather armour {Pargi}
 Q - a +2 robe of positive energy
 X - a +0 robe of fire resistance
Magical Staves
 Y - a staff of cold
Jewellery
 b - an amulet of magic regeneration (around neck)
 d - the ring of Rawixt {rN+ Will+}
   (You found it on level 10 of the Dungeon)

   [ring of positive energy]

   rN:        It protects you from negative energy.
   Will:      It increases your willpower.
 h - a ring of protection from fire
 j - the ring "Niar" {rN++ Str+6}
   (You took it off a gnoll sergeant in a bailey)

   [ring of strength]

   Str:       It affects your strength (+6).
   rN:        It greatly protects you from negative energy.
 l - a +6 ring of intelligence (right hand)
 x - a +6 ring of intelligence (left hand)
 E - the brooch of Shielding {Spirit SH+8}
   (You took it off a gnoll sergeant in a bailey)

   [amulet of guardian spirit]

   It causes incoming damage to be divided between your reserves of health and
   magic.
   SH:        It affects your SH (+8).
 P - a ring of protection from cold
Wands
 k - a wand of flame (20)
 p - a wand of digging (1)
 A - a wand of mindburst (4)
 C - a wand of polymorph (4)
 D - a wand of iceblast (15)
 I - a wand of paralysis (7)
Scrolls
 c - 5 scrolls of vulnerability
 f - 3 scrolls of immolation
 g - a scroll of noise
 s - a scroll of holy word
 t - 3 scrolls of fog
 u - 5 scrolls of amnesia
 v - 5 scrolls of silence
 N - 5 scrolls of enchant armour
 O - a scroll of brand weapon
 R - 3 scrolls of identify
 W - 4 scrolls of enchant weapon
 Z - 3 scrolls of teleportation
Potions
 e - 4 potions of curing
 i - 3 potions of attraction
 n - 2 potions of magic
 r - 2 potions of resistance
 w - 3 potions of berserk rage
 z - a potion of heal wounds
 B - a potion of flight
 F - 5 potions of mutation
 H - 4 potions of lignification
 K - a potion of degeneration
 S - 2 potions of brilliance
 T - 2 potions of haste
Miscellaneous
 L - a piece from Xom's chessboard (15/15)


   Skills:
 - Level 15.0 Fighting
 - Level 4.0 Short Blades
 - Level 6.0 Staves
 - Level 2.0 Armour
 - Level 8.0 Dodging
 - Level 3.4 Stealth
 - Level 11.0 Spellcasting
 - Level 2.0 Hexes
 - Level 2.0 Fire Magic
 + Level 15.4 Ice Magic
 - Level 7.0 Evocations


You had 10 spell levels left.
You knew the following spells:

 Your Spells              Type           Power      Damage    Failure   Level
a - Ozocubu's Refrigerat  Ice            50%        4d15      1%          7
b - Frozen Ramparts       Ice            100%       1d12      0%          3
c - Inner Flame           Hex/Fire       39%        N/A       1%          3
d - Ozocubu's Armour      Ice            100%       N/A       0%          3
e - Sandblast             Erth           46%        2d11      1%          1
f - Hailstorm             Conj/Ice       73%        3d15      1%          4
g - Freeze                Ice            100%       1d11      0%          1
h - Petrify               Tmut/Erth      23%        N/A       14%         4

Your spell library contained the following spells:

 Spells                   Type           Power      Damage    Failure   Level
 Freezing Cloud           Conj/Ice/Air   30%        6-21      1%          5
 Animate Skeleton         Necr           46%        N/A       1%          1
 Apportation              Tloc           46%        N/A       1%          1
 Summon Small Mammal      Summ           92%        N/A       1%          1
 Corpse Rot               Necr/Air       46%        N/A       1%          2
 Ensorcelled Hibernation  Hex/Ice        100%       N/A       1%          2
 Sublimation of Blood     Necr           23%        N/A       1%          2
 Portal Projectile        Hex/Tloc       62%        N/A       2%          3
 Call Canine Familiar     Summ           23%        N/A       4%          3
 Spider Form              Tmut/Pois      23%        N/A       4%          3
 Cause Fear               Hex            19%        N/A       6%          4
 Anguish                  Hex/Necr       15%        N/A       9%          4
 Leda's Liquefaction      Hex/Erth       15%        N/A       9%          4
 Irradiate                Conj/Tmut      11%        3d17      11%         5
 Dispel Undead            Necr           23%        3d12      14%         4
 Blade Hands              Tmut           11%        N/A       36%         5
 Excruciating Wounds      Necr           11%        N/A       36%         5
 Death Channel            Necr           11%        N/A       91%         6
 Malign Gateway           Summ/Tloc      11%        N/A       100%        7
 Discord                  Hex            19%        N/A       100%        8
 Summon Horrible Things   Summ           11%        N/A       100%        8


Dungeon Overview and Level Annotations

Branches:
Dungeon (11/15)            Temple (1/1) D:5            Lair (6/6) D:9
 Shoals (0/4) Lair:2        Snake (0/4) Lair:2        Slime (0/5) Lair:5
    Orc (2/2) D:9             Elf (0/3) Orc:2         Sewer (visited)
 Bailey (visited)           IceCv (1/1)

Altars:
Ashenzari
Cheibriados
Dithmenos
Elyvilon
Fedhas
Gozag
Hepliaklqana
Kikubaaqudgha
Makhleb
Nemelex Xobeh
Okawaru
Qazlal
Ru
Sif Muna
Trog
Uskayaw
Vehumet
Wu Jian
Xom
Yredelemnul
Zin
The Shining One
Jiyva

Shops:
D:2 =   D:3 [   D:6 :?   Orc:2 *[?[

Annotations:
D:8 exclusion: hydra
D:10 2 transporters
Lair:4 exclusion: hydra IceCv exclusion: ice statue


Innate Abilities, Weirdness & Mutations

You are too large for most types of armour.
You have tough skin. (AC +1)


Message History

The frost giant hits you with a +0 battleaxe of freezing!
* * * LOW HITPOINT WARNING * * *
The frost giant freezes you.
* * * LOW HITPOINT WARNING * * *
Your icy armour will break if you move.
Continue?
Your icy armour cracks and falls away as you move.
You see here a rime drake corpse.
Okay, then.
Okay, then.
Aiming: Paralyse
Press: ? - help, Shift-Dir - straight line, f/p - frost giant
Aim: a frost giant, wielding a +0 battleaxe of freezing (purple smoke, lightly wounded, weak-willed, chance to affect: 49%)
Okay, then.
Unknown command.
Okay, then.
You feel protected.
The frost giant hits you with a +0 battleaxe of freezing.
* * * LOW HITPOINT WARNING * * *
Casting: Ozocubu's Armour (safe; 0% risk of failure)
Confirm with . or Enter, or press ? or * to list all spells.
Okay, then.
A red film seems to cover your vision as you go berserk!
You feel yourself moving faster!
You feel mighty!
The frost giant points at you and mumbles some strange words.
The bolt of cold hits you!! You resist.
* * * LOW HITPOINT WARNING * * *
You hit the frost giant! You freeze the frost giant.
You punch the frost giant, but do no damage.
The frost giant is lightly wounded.
The frost giant hits you with a +0 battleaxe of freezing!!
* * * LOW HITPOINT WARNING * * *
The frost giant freezes you.
* * * LOW HITPOINT WARNING * * *
You are too berserk!
You feel a sense of dread.
V - a +0 vampiric quarterstaff (weapon)
You hit the frost giant but do no damage.
The frost giant is lightly wounded.
The frost giant hits you with a +0 battleaxe of freezing!!
You die...

##$....# #)$....#
##.$....# #.[$.C..#
#....#..# ##§§$#..# .
##§##§§# ...##C§§§###
#.....§§@§§#≈#
#.††..§§§§##≈## ####
......§§.#.#≈≈# ##..## ##
.........#≈°≈≈###.#..###.
.##.....##≈≈°≈.#...#..#.#
#....###≈≈#.#..####....
##... #####.### #####
##.# ### ##


You could see a frost giant (weak-willed).

Vanquished Creatures
  An orc warlord (Orc:1)
  An ettin (Orc:2)
  A yaktaur captain (D:10)
  2 fire dragons
  Harold (Lair:1)
  8 hydras
  Erica (D:9)
  A centaur warrior (Orc:2)
  An orc high priest (Orc:2)
  7 death yaks
  Sonja (Lair:3)
  A swamp dragon (Lair:6)
  4 orc knights (Orc:2)
  Pikel (D:7)
  A wolf spider (D:10)
  A manticore (D:10)
  2 orc sorcerers (Orc:2)
  6 elephants (Lair:5)
  4 black mambas
  20 cane toads
  2 torpor snails
  2 kobold demonologists (D:10)
  7 rime drakes
  11 komodo dragons
  16 polar bears
  6 trolls
  3 raiju (Lair:6)
  18 blink frogs
  4 dream sheep (Lair:5)
  A snapping turtle (Lair:2)
  36 yaks
  2 wraiths
  6 wyverns
  2 shadows
  A basilisk (Lair:6)
  A vampire mosquito (D:8)
  2 steam dragons
  6 wargs
  4 nagas (Lair:2)
  12 water moccasins
  14 hell hounds (Lair:6)
  2 acid dragons (Lair:6)
  36 orc warriors
  A swamp drake (Lair:6)
  An ice beast (D:7)
  Pargi (Sewer)
  13 black bears
  3 sky beasts
  55 wolves
  4 ogres
  14 centaurs
  2 lemures (D:7)
  3 kobold brigands
  Blork the orc (D:5)
  8 bullfrogs
  9 gnoll sergeants (Bailey)
  4 scorpions
  4 water moccasin skeletons (D:5)
  5 killer bees
  6 wights
  An electric eel (Lair:2)
  4 hounds
  3 bullfrog zombies
  2 centaur zombies
  2 bullfrog skeletons
  5 gnoll shamans (Bailey)
  5 orc priests
  Jessica (D:2)
  A centaur skeleton (D:7)
  2 iguanas
  6 orc wizards
  A killer bee zombie (D:7)
  2 howler monkey zombies
  21 gnolls
  10 adders
  4 white imps
  An adder skeleton (D:4)
  4 worms
  A dart slug (D:2)
  61 orcs
  5 endoplasms
  2 giant cockroaches
  9 hobgoblins
  4 jackals (D:3)
  11 kobolds
  4 ball pythons
  13 bats
  A frilled lizard (D:3)
  14 goblins
  4 rats
597 creatures vanquished.

Vanquished Creatures (others)
  An orc priest (Orc:2)
  27 fungi
  64 plants
92 creatures vanquished.

Grand Total: 689 creatures vanquished

Notes
Turn   | Place    | Note
-------+----------+-------------------------------------------
     0 | D:1      | enile the Ogre Ice Elementalist began the quest for the
                  | Orb.
     0 | D:1      | Reached XP level 1. HP: 16/16 MP: 3/3
   173 | D:1      | Reached skill level 1 in Fighting
   307 | D:1      | Reached XP level 2. HP: 26/28 MP: 0/5
   822 | D:2      | Found Diapt's Jewellery Boutique.
   955 | D:2      | Found an ornate altar of the Wu Jian Council.
   967 | D:2      | Noticed Jessica
  1074 | D:2      | Killed Jessica
  1075 | D:2      | Reached XP level 3. HP: 25/35 MP: 5/8
  1395 | D:2      | Reached XP level 4. HP: 43/44 MP: 7/10
  1869 | D:3      | Learned a level 3 spell: Frozen Ramparts
  2335 | D:3      | Reached XP level 5. HP: 54/54 MP: 11/11
  2392 | D:3      | Found Jemil's Antique Armour Shoppe.
  2775 | D:4      | Reached skill level 5 in Fighting
  2779 | D:4      | Learned a level 3 spell: Inner Flame
  2834 | D:4      | Reached skill level 1 in Hexes
  2849 | D:4      | Reached XP level 6. HP: 53/66 MP: 9/12
  3304 | D:4      | Reached skill level 1 in Short Blades
  3417 | D:4      | Reached skill level 1 in Fire Magic
  3417 | D:4      | Reached XP level 7. HP: 45/75 MP: 13/13
  4016 | D:4      | Reached skill level 5 in Spellcasting
  4098 | D:5      | Entered Level 5 of the Dungeon
  4248 | D:5      | Learned a level 3 spell: Ozocubu's Armour
  4249 | D:5      | Noticed Blork the orc
  4259 | D:5      | Killed Blork the orc
  4328 | D:5      | Reached skill level 1 in Evocations
  4337 | D:5      | Found a glowing drain.
  4409 | D:5      | Reached XP level 8. HP: 56/83 MP: 14/17
  4414 | Sewer    | Entered a sewer
  4555 | Sewer    | Noticed Pargi
  4565 | Sewer    | Killed Pargi
  4693 | D:5      | Found a staircase to the Ecumenical Temple.
  4822 | Temple   | Entered the Ecumenical Temple
  5217 | Temple   | Became a worshipper of Vehumet
  5657 | D:6      | Found a shimmering altar of Xom.
  6084 | D:6      | Found Navyd's Book Shop.
  6345 | D:6      | Found Igawkoam's Magic Scroll Boutique.
  6359 | D:6      | Reached XP level 9. HP: 71/98 MP: 16/18
  6385 | D:6      | Bought a scroll of enchant armour for 112 gold pieces
  6385 | D:6      | Bought 2 scrolls of identify for 60 gold pieces
  6385 | D:6      | Bought a scroll of teleportation for 45 gold pieces
  6526 | D:7      | Noticed Pikel
  6602 | D:7      | Reached * piety under Vehumet
  6602 | D:7      | Offered knowledge of Sandblast by Vehumet.
  6607 | D:7      | Learned a level 1 spell: Sandblast
  6746 | D:7      | Identified the +6 dagger of the Swamp {flame, Will+ Dex+7
                  | SInv}
  6924 | D:7      | Found a flagged portal.
  6938 | Bailey   | Entered a bailey
  7122 | Bailey   | Offered knowledge of Shock by Vehumet.
  7123 | Bailey   | Reached skill level 5 in Dodging
  7164 | Bailey   | Identified the ring "Niar" {rN++ Str+6}
  7170 | Bailey   | Reached ** piety under Vehumet
  7171 | Bailey   | Reached skill level 10 in Fighting
  7172 | Bailey   | Reached skill level 5 in Ice Magic
  7172 | Bailey   | Reached XP level 10. HP: 51/110 MP: 22/22
  7318 | Bailey   | Reached skill level 1 in Armour
  7343 | Bailey   | Identified the +12 shortbow "Tuxke" {vorpal, rElec rC+
                  | Dex-5}
  7758 | D:7      | Offered knowledge of Scorch by Vehumet.
  8131 | D:8      | Reached *** piety under Vehumet
  8213 | D:8      | Reached skill level 5 in Evocations
  8312 | D:8      | Noticed an eight-headed hydra
  8821 | D:9      | Offered knowledge of Dazzling Flash by Vehumet.
  8858 | D:9      | Found a staircase to the Orcish Mines.
  8861 | D:9      | Found a staircase to the Lair.
  8920 | D:9      | Noticed Erica
  9205 | D:9      | Reached XP level 11. HP: 101/119 MP: 23/23
  9295 | Lair:1   | Entered Level 1 of the Lair of Beasts
  9621 | D:7      | Killed Pikel
  9688 | D:6      | Learned a level 4 spell: Hailstorm
  9831 | Lair:1   | Noticed Harold
  9861 | Lair:1   | Killed Harold
 10416 | Lair:1   | Noticed a six-headed hydra
 10705 | Lair:2   | Reached **** piety under Vehumet
 10805 | Lair:2   | Found a staircase to the Snake Pit.
 10911 | Lair:2   | Offered knowledge of Yara's Violent Unravelling by Vehumet.
 10912 | Lair:2   | Reached skill level 10 in Spellcasting
 11153 | Lair:2   | Found a staircase to the Shoals.
 11164 | Lair:2   | Reached XP level 12. HP: 115/132 MP: 26/26
 11545 | Lair:3   | Noticed a five-headed hydra
 11578 | Lair:3   | Killed a five-headed hydra
 11807 | Lair:3   | Noticed Sonja
 11824 | Lair:3   | Killed Sonja
 12412 | Lair:4   | Noticed a seven-headed hydra
 12432 | Lair:4   | Killed a seven-headed hydra
 12601 | Lair:4   | Reached skill level 10 in Ice Magic
 12896 | Lair:4   | Noticed a five-headed hydra
 13899 | Lair:5   | Noticed an eight-headed hydra
 13919 | Lair:5   | Killed an eight-headed hydra
 13920 | Lair:5   | Reached XP level 13. HP: 99/146 MP: 27/27
 13976 | Lair:5   | Reached ***** piety under Vehumet
 13976 | Lair:5   | Offered knowledge of Flame Wave by Vehumet.
 14128 | Lair:5   | You fall into a shaft and drop 1 floor!
 14128 | Lair:6   | Entered Level 6 of the Lair of Beasts
 14618 | Lair:6   | Reached skill level 15 in Fighting
 15257 | Lair:5   | Found a viscous altar of Jiyva.
 15257 | Lair:5   | Found a staircase to the Slime Pits.
 16084 | Lair:5   | Reached skill level 1 in Staves
 17033 | Lair:6   | Reached XP level 14. HP: 137/159 MP: 29/29
 17039 | Lair:6   | Offered knowledge of Ozocubu's Refrigeration by Vehumet.
 17040 | Lair:6   | Reached skill level 5 in Staves
 17963 | Lair:6   | Learned a level 7 spell: Ozocubu's Refrigeration
 19031 | Orc:1    | Entered Level 1 of the Orcish Mines
 19168 | Orc:2    | Entered Level 2 of the Orcish Mines
 19196 | Orc:2    | Noticed an orc warlord
 19352 | Orc:1    | Killed an orc warlord
 19824 | Orc:2    | Offered knowledge of Freezing Cloud by Vehumet.
 20220 | Orc:2    | Found Enareegh's Antique Armour Boutique.
 20220 | Orc:2    | Found Valisirch's Magic Scroll Emporium.
 20223 | Orc:2    | Found Wefug's Antique Armour Shoppe.
 20225 | Orc:2    | Found Faerchei's Assorted Antiques.
 20232 | Orc:2    | Bought a silken robe for 148 gold pieces
 20232 | Orc:2    | Identified the +0 robe of the Sun {Int+8 Slay+3 Stlth+}
                  | (You bought it in a shop on level 2 of the Orcish Mines)
 20428 | Orc:2    | Found a staircase to the Elven Halls.
 21228 | Orc:2    | Bought a potion of berserk rage for 130 gold pieces
 21228 | Orc:2    | Bought a potion of lignification for 78 gold pieces
 21228 | Orc:2    | Bought a potion of mutation for 208 gold pieces
 21228 | Orc:2    | Bought a scroll of enchant armour for 195 gold pieces
 21228 | Orc:2    | Bought a scroll of enchant armour for 195 gold pieces
 21231 | Orc:2    | Bought a scroll of immolation for 52 gold pieces
 21231 | Orc:2    | Bought a scroll of fog for 30 gold pieces
 21231 | Orc:2    | Bought a scroll of brand weapon for 300 gold pieces
 21231 | Orc:2    | Bought 3 scrolls of enchant weapon for 337 gold pieces
 21313 | D:9      | Killed Erica
 21591 | D:10     | Entered Level 10 of the Dungeon
 21709 | D:10     | Found a transporter.
 21779 | D:10     | Found a viscous altar of Jiyva.
 22009 | D:10     | Reached XP level 15. HP: 167/167 MP: 13/30
 22510 | D:10     | Identified the ring of Rawixt {rN+ Will+}
 22729 | D:10     | Found a transporter.
 23064 | D:11     | Found a frozen archway.
 23119 | IceCv    | Entered an ice cave
 23320 | IceCv    | Reached skill level 15 in Ice Magic
 23755 | IceCv    | Noticed a frost giant
 23786 | IceCv    | Learned a level 4 spell: Petrify
 23802 | IceCv    | HP: 10/250 [frost giant/+0 battleaxe of freezing (28)]
 23804 | IceCv    | Mangled by a frost giant

Illustrated notes

Levels and vault maps discovered:
D:1:      dpeg_arrival_shelter, layout_loops_ring, corexii_hall_statues_u
D:2:      layout_loops_ring, basic_altar, serial_shops, nicolae_shop_waterfront,
          dk_noncrumbling_3, uniq_jessica
D:3:      corexii_shack_village, layout_basic, serial_shops, shop,
          minmay_misc_feat_plants
D:4:      layout_loops_ring
D:5:      layout_basic, minmay_temple_entry_large_hall, gup_sewer_entry_glass,
          uniq_blork_the_orc
D:6:      layout_loops_cross, nicolae_overflow_crystal_walls, serial_shops,
          nicolae_inconvenience_store, shop_fountains, minmay_misc_feat_pillars
D:7:      layout_cave_pools, enter_bailey_3, uniq_pikel
D:8:      nzn_winding_woodlands_small [nzn_winding_woodlands_5x15_garden,
          nzn_winding_woodlands_center_diamonds,
          nzn_winding_woodlands_5x15_pockets], layout_rooms, serial_aquarium,
          aquarium_bridge_long_separate [aquarium_subvault_wall,
          aquarium_subvault_bridge, aquarium_subvault_bridge,
          aquarium_subvault_wall, aquarium_subvault_bridge,
          aquarium_subvault_bridge], aquarium_window_2, aquarium_window_fake,
          aquarium_window_corner, aquarium_view_2d, aquarium_pool_2,
          hangedman_glass_teeth
D:9:      layout_cave_pools, lair_entry_dummy, orc_david_3, grunt_ogre_cave,
          uniq_erica
D:10:     gammafunk_jiyva_shrine, layout_cave_pods, minmay_the_grid_2x2
          [minmay_the_grid_tiny_cups, minmay_the_grid_dragon_b,
          minmay_the_grid_small_cups, minmay_the_grid_prize_diamond_cup]
D:11:     minmay_wavy_crystal, layout_loops_ring,
          portal_ice_cave_entry_pillars_1, ebering_ghost_disaster_area,
          grunt_gozag_breadcrumbs
Temple:   mainiacjoe_temple_trianglar_array
Lair:1:   layout_regular_city, cheibrodos_lair_caveside_slide, minivault_24,
          uniq_harold
Lair:2:   layout_misc_corridors, minmay_shoals_entry_hut,
          minmay_snake_entry_guardpost_small
Lair:3:   layout_long_grid, uniq_sonja
Lair:4:   layout_cave_pods
Lair:5:   layout_cave_pods, dpeg_slime_entry_enclosed_altar
Lair:6:   hangedman_lair_caniforms_friends, layout_long_grid,
          guppyfry_lair_end_dragon, lookout_lair_type, grunt_megastairs_2,
          lemuel_fruit_tree
Orc:1:    layout_diamond_mine
Orc:2:    st_orc_rangers, layout_diamond_mine, lightli_orcish_oven
IceCv:    ice_cave_small_giant

Skill      XL: |  1  2  3  4  5  6  7  8  9 10 11 12 13 14 15 |
---------------+----------------------------------------------+-----
Fighting       | 2 4 5 6 9 10 12 14 15 | 15.0
Spellcasting   | 3 4 6 8 10 11 | 11.0
Dodging        | 2 5 7 8 |  8.0
Ice Magic      | 4 5 6 8 10 11 14 15 | 15.4
Hexes          | 1 2 |  2.0
Short Blades   | 2 3 4 |  4.0
Fire Magic     | 1 2 |  2.0
Evocations     | 1 4 7 |  7.0
Armour         | 2 |  2.0
Stealth        | 3 |  3.4
Staves         | 4 6 |  6.0

Action                   |  1- 3 |  4- 6 |  7- 9 | 10-12 | 13-15 || total
-------------------------+-------+-------+-------+-------+-------++-------
Melee: Unarmed           |    14 |       |       |       |       ||    14
       Punch             |     1 |     1 |     6 |    11 |     3 ||    22
       Dagger            |       |    71 |   279 |   280 |    73 ||   703
       Flail             |       |       |    41 |       |       ||    41
       Quarterstaff      |       |       |       |       |   293 ||   293
       Staff             |       |       |       |       |    39 ||    39
 Fire: Shortbow          |       |       |       |     4 |       ||     4
Throw: Dart              |       |       |     1 |     6 |    12 ||    19
       Throwing net      |       |       |       |     6 |     7 ||    13
 Cast: Freeze            |    28 |    48 |    45 |   118 |    80 ||   319
       Frozen Ramparts   |       |    10 |    26 |    45 |    35 ||   116
       Inner Flame       |       |     1 |     8 |     6 |     4 ||    19
       Ozocubu's Armour  |       |       |     8 |    17 |    11 ||    36
       Hailstorm         |       |       |       |    32 |    77 ||   109
       Ozocubu's Refrige |       |       |       |       |   181 ||   181
Evoke: Wand              |       |     2 |    15 |     9 |    14 ||    40
       Piece from Xom's  |       |       |       |     7 |    19 ||    26
  Use: Scroll            |     3 |     4 |    12 |    10 |    14 ||    43
       Potion            |       |       |     2 |       |     9 ||    11
 Stab: Sleeping          |       |     2 |     1 |     1 |     3 ||     7
       Held in net/web   |       |       |       |     4 |       ||     4
       Paralysed         |       |       |       |     3 |       ||     3
       Confused          |       |       |       |       |     1 ||     1
Armor: Robe              |    15 |    25 |    26 |       |    33 ||    99
       Troll leather arm |       |       |    87 |   114 |   192 ||   393
       Skin              |       |       |   168 |    11 |    46 ||   225
Dodge: Dodged            |    24 |    41 |   207 |   207 |   395 ||   874
